 Dungeon Sprint DCSS version 0.23.2-30-g0e89c35 (webtiles) character file.

Game seed: 8980719737439826928

22072 Fang the Warrior (level 12, -14/91 HPs)
             Began as a Gargoyle Berserker on June 12, 2019.
             Was the Champion of Trog.
             Killed from afar by a thorn hunter (31 damage)
             ... with a volley of thorns
             ... in the Dungeon (Sprint V: "Ziggurat Sprint").
             The game lasted 00:04:59 (2090 turns).

Fang the Warrior (Gargoyle Berserker)               Turns: 2090, Time: 00:05:00

Health: -14/91     AC: 44    Str: 34    XL:     12   Next: 96%
Magic:  3/12       EV: 18    Int: 11    God:    Trog [******]
Gold:   0          SH:  0    Dex:  9    Spells: 11/11 levels left

rFire    + . .     SeeInvis .   k - +5 executioner's axe
rCold    + . .     Gourm    .   (shield currently unavailable)
rNeg     + . .     Faith    .   j - +15 Maxwell's patent armour {-Cast -Tele rElec MR+ rCorr}
rPois    ∞         Spirit   .   (no helmet)
rElec    +         Reflect  .   (no cloak)
rCorr    +         Harm     .   z - +1 pair of gloves {Str+3}
MR       +....     NoTele   +   (no boots) Stlth ..........NoCast +
                                (no amulet)
HPRegen  0.25/turn              C - +3 ring of evasion
MPRegen  0.13/turn              v - ring "Tippid" {rF+ rC+ Str+6 Int+2 Stlth+}

@: berserk cooldown, slowed, very slow
A: negative energy resistance 1, electricity resistance, unbreathing,
petrification resistance, rot immunity, AC +8
a: Berserk, Trog's Hand, Brothers in Arms, Renounce Religion


You were in the Dungeon.
You worshipped Trog.
Trog was exalted by your worship.
You were very hungry.

You visited 1 branch

Inventory:

Hand Weapons
 g - the +11 battleaxe "Vahith" {chop, rF- Int+9}
   (You took it off a draconian in the Dungeon)

   It inflicts extra damage upon your enemies.
   It affects your intelligence (+9).
   It makes you vulnerable to fire.
 k - a +5 executioner's axe (weapon)
 q - a +5 antimagic war axe
 B - a +4 antimagic battleaxe
Armour
 j - the +15 Maxwell's patent armour (worn) {-Cast -Tele rElec MR+ rCorr}
   (You found it in the Dungeon)

   It insulates you from electricity.
   It affects your resistance to hostile enchantments.
   It prevents spellcasting.
   It prevents most forms of teleportation.
   It provides partial protection from all sources of acid and corrosion.
 z - a +1 pair of gloves of strength (worn)
Jewellery
 a - an uncursed ring of protection from magic
 b - the amulet of the Insatiable Wishes {Harm *Corrode *Drain rF+++ Str+8 Slay-4}
   (You found it in the Dungeon)

   [amulet of harm]

   It increases damage dealt and taken.
   It affects your strength (+8).
   It affects your accuracy and damage with ranged weapons and melee attacks
   (-4).
   It renders you almost immune to fire.
   It may corrode you when you take damage.
   It causes draining when unequipped.
 u - the ring "Reduziwn" {Ice rElec}
   (You found it in the Dungeon)

   [ring of ice]

   It enhances your ice magic.
   It makes you vulnerable to fire.
   It protects you from cold.
   It insulates you from electricity.
 v - the ring "Tippid" (right hand) {rF+ rC+ Str+6 Int+2 Stlth+}
   (You found it in the Dungeon)

   [ring of intelligence]

   It affects your strength (+6).
   It affects your intelligence (+2).
   It protects you from fire.
   It protects you from cold.
   It makes you more stealthy.
 C - a +3 ring of evasion (left hand)
 E - a +6 ring of strength
Wands
 w - a wand of disintegration (7)
 x - a wand of iceblast (7)
 y - a wand of acid (7)
Scrolls
 i - 4 scrolls of blinking
 l - 7 scrolls of fog
 m - a scroll of holy word
 n - 5 scrolls of identify
 o - 5 scrolls of remove curse
 p - 2 scrolls of fear
Potions
 d - 10 potions of curing
 e - 8 potions of heal wounds
 f - 6 potions of haste
 h - 3 potions of berserk rage
 r - 2 potions of invisibility
 s - 4 potions of resistance
 t - a potion of experience
Comestibles
 c - 7 rations


   Skills:
 + Level 17.5 Fighting
 + Level 15.1 Axes
 + Level 17.4 Armour
 + Level 13.9 Dodging


You had 11 spell levels left.
You didn't know any spells.
Your spell library was empty.

Dungeon Overview and Level Annotations

Branches:
Dungeon (1/1)

Altars:
Ashenzari
Cheibriados
Dithmenos
Elyvilon
Fedhas
Gozag
Hepliaklqana
Kikubaaqudgha
Makhleb
Nemelex Xobeh
Okawaru
Qazlal
Ru
Sif Muna
Trog
Uskayaw
Vehumet
Wu Jian
Xom
Yredelemnul
Zin
The Shining One
Beogh
Jiyva
Lugonu

Annotations:
D 1 transporter


Innate Abilities, Weirdness & Mutations

You are resistant to torment.
Your stone body is resilient. (AC +8)
You are immune to poison.
You resist negative energy. (rN+)
You are resistant to electric shocks. (rElec)
You can survive without breathing.
You are immune to petrification.
You are immune to rotting.


Message History

The spriggan berserker closely misses you.
Your cyclops goes berserk!
You are feeling very hungry.
The faun no longer looks unusually strong.
The death yak completely misses you.
The spriggan rider hits you but does no damage.
The spriggan berserker barely misses you.
The faun hits you but does no damage.
The spriggan air mage completely misses you.
The thorn hunter fires a volley of thorns at you.
The volley of thorns hits you but does no damage.
The death yak misses you.
The spriggan rider hits you but does no damage.
The polar bear rages.
The faun hits you but does no damage.
The spriggan berserker hits you but does no damage.
The spriggan air mage hits you but does no damage.
The thorn hunter fires a volley of thorns at you.
The volley of thorns hits you!!
You die...

▓...=}}b)...▓...8©8...▓
▓.......b...▓..:):}...▓
▓.......b...▓...=})...▓
▓...........▓.........▓
▓......)....▓..)......▓
..▓.[i..▓..▓...())...▓
▓.▓chi▓.▓ ▓....)÷...▓
▓..▓.iYf.▓..▓.▓..(..▓.▓
▓...C.@i....▓....©....▓
▓▓▓▓▓▓▓▓▓▓▓▓▓▓▓▓▓▓▓▓▓▓▓
▓...8©8...▓...8©8...▓..
▓..}:)|)).▓..|:||:..▓..
▓..[=|:[..▓..:)}.:..▓..
▓.........▓......)..▓..
▓.........▓.........▓..
▓.........▓.........▓..
▓.........▓.........▓..


You could see a thorn hunter, a death yak (berserk), 2 spriggan riders, a
spriggan berserker (berserk), a faun, a spriggan air mage, a polar bear
(berserk) and a friendly cyclops (berserk).

Vanquished Creatures
  2 acid blobs (D)
  A red draconian (D)
  3 white draconians (D)
  A death ooze (D)
  4 vault guards (D)
  2 spriggan air magi (D)
  A hell knight (D)
  A wolf spider (D)
  9 draconians (D)
  A cyclops (D)
  An eye of devastation (D)
  2 yaktaurs (D)
  2 red devils (D)
  2 jumping spiders (D)
  2 merfolk (D)
  5 slime creatures (D)
  4 hippogriffs (D)
  2 redbacks (D)
  A spriggan (D)
  2 tarantellas (D)
  A wraith (D)
  2 floating eyes (D)
  A black bear (D)
  An eye of draining (D)
  A centaur (D)
  7 scorpions (D)
  3 jellies (D)
  2 orc priests (D)
  An orc wizard (D)
  4 oozes (D)
  An adder zombie (D)
  An orc (D)
  2 bat skeletons (D)
  A bat zombie (D)
  A ball python skeleton (D)
  A leopard gecko skeleton (D)
78 creatures vanquished.

Vanquished Creatures (others)
  A satyr (D)
1 creature vanquished.

Grand Total: 79 creatures vanquished

Notes
Turn   | Place    | Note
-------+----------+-------------------------------------------
     0 | D        | Found the +6 Majin-Bo {vamp, Archmagi MP+6 Int+6}
     0 | D        | Found the +7 great mace "Firestarter" {inner flame, rF++}
     0 | D        | Fang the Gargoyle Berserker began the quest for the Orb.
     0 | D        | Reached XP level 1. HP: 14/14 MP: 1/1
     1 | D        | Found a blossoming altar of Fedhas.
     2 | D        | Found a viscous altar of Jiyva.
     2 | D        | Found a transporter.
     2 | D        | Found a hazy altar of Hepliaklqana.
     2 | D        | Found an ancient bone altar of Kikubaaqudgha.
     2 | D        | Found an opulent altar of Gozag.
     2 | D        | Found a corrupted altar of Lugonu.
     6 | D        | Found a burning altar of Makhleb.
     8 | D        | Found an iron altar of Okawaru.
     8 | D        | Found a stormy altar of Qazlal.
     8 | D        | Found a sparkling altar of Nemelex Xobeh.
     8 | D        | Found a sacrificial altar of Ru.
     8 | D        | Found a deep blue altar of Sif Muna.
    13 | D        | Found the +9 heavy crossbow "Sniper" {velocity, Acc+∞ SInv}
    13 | D        | Found the +10 dark maul {crush}
    13 | D        | Found the +15 Maxwell's patent armour {-Cast -Tele rElec
                  | MR+ rCorr}
    13 | D        | Found the +18 shield of the Gong {rElec rN+ MR+ EV-5}
    13 | D        | Found the cursed +14 obsidian axe {chop, +Fly SInv *Curse}
    27 | D        | Found a bloodstained altar of Trog.
    69 | D        | Entered arena 2.
    69 | D        | Noticed a spriggan
    69 | D        | Noticed a black bear
    69 | D        | Found a transporter.
    73 | D        | Killed a black bear
    73 | D        | Reached skill level 5 in Fighting
    73 | D        | Reached skill level 5 in Armour
    73 | D        | Reached XP level 2. HP: 22/22 MP: 2/2
    73 | D        | Reached XP level 3. HP: 27/27 MP: 3/3
    73 | D        | Reached XP level 4. HP: 32/32 MP: 4/4
    90 | D        | Killed a spriggan
    90 | D        | Reached skill level 5 in Dodging
    90 | D        | Reached XP level 5. HP: 5/38 MP: 5/5
    90 | D        | Reached XP level 6. HP: 5/44 MP: 6/6
   367 | D        | Entered arena 3.
   367 | D        | Noticed a floating eye
   367 | D        | Noticed a slime creature
   367 | D        | Found a transporter.
   372 | D        | Killed a floating eye
   372 | D        | Reached ** piety under Trog
   373 | D        | Killed a slime creature
   373 | D        | Reached XP level 7. HP: 39/51 MP: 7/7
   472 | D        | Entered arena 4.
   472 | D        | Found a transporter.
   479 | D        | Reached *** piety under Trog
   492 | D        | Got the amulet of the Insatiable Wishes {Harm *Corrode
                  | *Drain rF+++ Str+8 Slay-4}
   690 | D        | Entered arena 5.
   690 | D        | Noticed a white draconian
   690 | D        | Noticed a white draconian
   690 | D        | Noticed a draconian
   690 | D        | Noticed a draconian
   690 | D        | Found a transporter.
   697 | D        | Killed a draconian
   697 | D        | Reached **** piety under Trog
   697 | D        | Reached skill level 10 in Fighting
   697 | D        | Reached XP level 8. HP: 57/57 MP: 8/8
   699 | D        | Killed a white draconian
   699 | D        | Reached XP level 9. HP: 64/64 MP: 9/9
   703 | D        | Killed a draconian
   703 | D        | Reached skill level 10 in Axes
   712 | D        | Killed a white draconian
   904 | D        | Entered arena 6.
   904 | D        | Found a transporter.
   907 | D        | Reached ***** piety under Trog
   909 | D        | Reached XP level 10. HP: 72/72 MP: 7/10
   988 | D        | Entered arena 7.
   988 | D        | Noticed a vault guard
   988 | D        | Noticed a vault guard
   988 | D        | Noticed a vault guard
   988 | D        | Noticed a vault guard
   989 | D        | Found a transporter.
   995 | D        | Killed a vault guard
   995 | D        | Reached skill level 10 in Dodging
   996 | D        | Killed a vault guard
  1002 | D        | Killed a vault guard
  1003 | D        | Killed a vault guard
  1003 | D        | Reached XP level 11. HP: 26/80 MP: 8/11
  1245 | D        | Entered arena 8.
  1245 | D        | Noticed a wolf spider
  1246 | D        | Found a transporter.
  1248 | D        | Reached ****** piety under Trog
  1250 | D        | Received a gift from Trog
  1254 | D        | Killed a wolf spider
  1263 | D        | Got the ring "Reduziwn" {Ice rElec}
  1352 | D        | Entered arena 9.
  1353 | D        | Found a transporter.
  1361 | D        | Received a gift from Trog
  1521 | D        | Entered arena 10.
  1521 | D        | Noticed a cyclops
  1522 | D        | Found the +3 sling "Punk" {acid, rCorr}
  1522 | D        | Found a transporter.
  1530 | D        | Received a gift from Trog
  1530 | D        | Reached skill level 15 in Fighting
  1532 | D        | Killed a cyclops
  1532 | D        | Reached skill level 15 in Armour
  1593 | D        | Entered arena 11.
  1593 | D        | Noticed a draconian
  1593 | D        | Noticed a draconian
  1593 | D        | Noticed a red draconian
  1593 | D        | Noticed a draconian
  1593 | D        | Noticed a draconian
  1593 | D        | Noticed a white draconian
  1593 | D        | Noticed a draconian
  1593 | D        | Noticed a draconian
  1593 | D        | Noticed a draconian
  1594 | D        | Identified the +11 battleaxe "Vahith" {chop, rF- Int+9}
  1594 | D        | Identified the +10 dagger of Circular Logic {protect, Int+5
                  | SInv}
  1594 | D        | Found a transporter.
  1600 | D        | Killed a draconian
  1601 | D        | Killed a white draconian
  1604 | D        | Killed a draconian
  1605 | D        | Killed a draconian
  1605 | D        | Received a gift from Trog
  1606 | D        | Killed a draconian
  1608 | D        | Killed a draconian
  1611 | D        | Killed a draconian
  1611 | D        | Reached XP level 12. HP: 80/88 MP: 12/12
  1616 | D        | Killed a red draconian
  1649 | D        | Got the ring "Tippid" {rF+ rC+ Str+6 Int+2 Stlth+}
  1793 | D        | Entered arena 12.
  1794 | D        | Noticed a hell knight
  1795 | D        | Received a gift from Trog
  1799 | D        | Found a transporter.
  1808 | D        | Killed a hell knight
  1901 | D        | Entered arena 13.
  1902 | D        | Noticed an acid blob
  1902 | D        | Noticed an acid blob
  1902 | D        | Noticed a death ooze
  1903 | D        | Found a transporter.
  1910 | D        | Killed an acid blob
  1910 | D        | Received a gift from Trog
  1913 | D        | Killed a death ooze
  1917 | D        | Killed an acid blob
  1926 | D        | Got the cursed +0 pair of boots of Spring Thaw {rElec MR+
                  | Dex+3 Slay-5}
  2069 | D        | Entered arena 14.
  2070 | D        | Noticed a spriggan air mage
  2070 | D        | Noticed a spriggan air mage
  2070 | D        | Noticed a spriggan rider
  2070 | D        | Noticed a satyr
  2070 | D        | Noticed a thorn hunter
  2071 | D        | Identified the ring "Soreyr" {Str+4 Slay+2}
  2071 | D        | Noticed a spriggan rider
  2071 | D        | Noticed a spriggan berserker
  2071 | D        | Noticed a spriggan air mage
  2072 | D        | Found a transporter.
  2076 | D        | Noticed a death yak
  2080 | D        | Killed a spriggan air mage
  2080 | D        | Received a gift from Trog
  2080 | D        | Reached skill level 15 in Axes
  2084 | D        | Killed a spriggan air mage
  2084 | D        | Killed a satyr
  2090 | D        | Killed from afar by a thorn hunter

Skill      XL: |  1  2  3  4  5  6  7  8  9 10 11 12 |
---------------+-------------------------------------+-----
Fighting       | 5 7 9 10 11 12 14 15 17 | 17.5
Axes           | 4 6 7 8 9 10 12 13 15 | 15.1
Armour         | 5 6 8 9 11 12 14 15 17 | 17.4
Dodging        | 3 5 6 7 8 9 11 12 13 | 13.9

Action                   |  1- 3 |  4- 6 |  7- 9 | 10-12 || total
-------------------------+-------+-------+-------+-------++-------
Melee: Executioner's axe |     3 |    21 |    33 |   109 ||   166
Invok: Berserk           |     1 |       |     2 |     6 ||     9
       Trog's Hand       |       |       |     1 |       ||     1
       Brothers in Arms  |       |       |       |     1 ||     1
  Use: Potion            |       |       |       |     2 ||     2
  Eat: Chunk             |       |       |     3 |     9 ||    12
Armor: Plate armour      |     2 |    22 |    37 |   209 ||   270
Dodge: Dodged            |     2 |    18 |    14 |   204 ||   238
